 Dungeon Crawl Stone Soup version 0.18-a0-1120-g03bd624 (webtiles) character file.

168 Trivium the Skirmisher (level 5, -9/46 HPs)
             Began as a Draconian Fighter on Jan 17, 2016.
             Mangled by an ogre
             ... wielding a +0 giant spiked club
              (25 damage)
             ... on level 4 of the Dungeon.
             The game lasted 00:04:26 (2807 turns).

Trivium the Skirmisher (Draconian Fighter)          Turns: 2807, Time: 00:04:27

Health: -9/46      AC:  5    Str: 19    XL:     5   Next: 24%
Magic:  5/5        EV: 10    Int:  9    God:
Gold:   170        SH:  9    Dex: 10    Spells: 0 memorised, 4 levels left

rFire  . . .     SeeInvis .     a - +0 war axe
rCold  . . .     Gourm    .     (armour unavailable)
rNeg   . . .     Faith    .     b - +0 shield
rPois  .         Spirit   .     (helmet restricted)
rElec  .         Dismiss  .     (no cloak)
rCorr  .         Reflect  .     (no gloves)
SustAt .         Harm     .     (no boots)
MR     .....                    (no amulet)
Stlth  +.........               (no ring)
                                u - +2 ring of slaying

@: not resistant to hostile enchantments, very unstealthy
A: unfitting armour, cold-blooded, AC +5
a: no special abilities


You were on level 4 of the Dungeon.
You were near starving.

You visited 1 branch of the dungeon, and saw 4 of its levels.

You collected 170 gold pieces.

Inventory:

Hand Weapons
 a - a +0 war axe (weapon)
Armour
 b - a +0 shield (worn)
Jewellery
 u - a +2 ring of slaying (left hand)
Wands
 q - a wand of flame (16/48)
Scrolls
 f - a scroll of identify
 h - 2 scrolls of teleportation {unknown}
 l - a scroll of enchant armour {unknown}
 n - a scroll of fog {unknown}
 o - a scroll of immolation {unknown}
 p - a scroll of blinking {unknown}
 s - a scroll of remove curse {unknown}
 t - a scroll of recharging {unknown}
Potions
 c - a potion of might
 e - a potion of cancellation
 g - a potion of heal wounds
 j - 3 potions of curing
 m - a potion of lignification
 r - a potion of berserk rage
Comestibles
 d - 2 bread rations
 i - 2 meat rations
 k - 2 beef jerkies
 v - 3 fruits


   Skills:
 + Level 4.0 Fighting
 * Level 3.4 Axes
 + Level 3.5 Dodging
 + Level 0.6 Stealth
 + Level 3.9 Shields


You had 4 spell levels left.
You didn't know any spells.

Dungeon Overview and Level Annotations

Branches:
Dungeon (4/15)
 Temple: D:4-7

Altars:
Gozag

Shops:
D:4 (


Innate Abilities, Weirdness & Mutations

Your plain brown scales are hard (AC +5).
Your body does not fit into most forms of armour.
You are cold-blooded and may be slowed by cold attacks.


Message History

You now have 120 gold pieces (gained 12).
You now have 135 gold pieces (gained 15).
You now have 151 gold pieces (gained 16).
You now have 170 gold pieces (gained 19).
An ogre comes into view. It is wielding a giant spiked club.
You are near starving!
An ogre is nearby!
An ogre is nearby!
An ogre is nearby!
An ogre is nearby!
The helpless ogre fails to defend itself.
You slash the ogre! You tail-slap the ogre.
The ogre is moderately wounded.
The ogre hits you with a giant spiked club!!
Ouch! That really hurt!
You slash the ogre!
Your tail-slap misses the ogre.
The ogre is heavily wounded.
The ogre hits you with a giant spiked club!!
Ouch! That really hurt!
You die...

#.
.#.#####.#.#######
.. .# ...#.......#
. .. #..#######.#
. .. #..# #.# #
#.. #.# #.#.. #.#
... #.#
..#.##.#######.##
.......@........#
....##O#........#
# #.#.####.###
#.#.# #.# #.#.#
#.# ..#.# #.#
#...# #.# #.###
#.# #.#


You could see an ogre.

Vanquished Creatures
  A crimson imp (D:3)
  Ijyb (D:2)
  3 adders
  An ooze (D:3)
  2 giant geckos
  A ball python (D:1)
  4 giant cockroaches
  12 goblins
  12 hobgoblins
  4 jackals (D:3)
  10 kobolds
  A quokka (D:3)
  8 bats
  4 giant newts
  8 rats
72 creatures vanquished.

Notes
Turn   | Place    | Note
--------------------------------------------------------------
     0 | D:1      | Trivium the Draconian Fighter began the quest for the Orb.
     0 | D:1      | Reached XP level 1. HP: 19/19 MP: 1/1
    94 | D:1      | Reached XP level 2. HP: 26/26 MP: 2/2
   379 | D:1      | Reached XP level 3. HP: 13/31 MP: 3/3
  1381 | D:2      | Noticed Ijyb
  1395 | D:2      | Killed Ijyb
  1395 | D:2      | Reached XP level 4. HP: 37/40 MP: 4/4
  2368 | D:3      | Found an opulent altar of Gozag.
  2450 | D:3      | Reached skill level 4 in Fighting
  2509 | D:3      | Reached XP level 5. HP: 27/46 MP: 5/5
  2723 | D:4      | Found Seph's Weapon Emporium.
  2805 | D:4      | Noticed an ogre
  2807 | D:4      | Mangled by an ogre

Vault maps used:
D:1:      elethiomel_arrival_infinity_welcomes_careful_drivers
D:2:      first_bread, st_stairs_5, uniq_iyjb
D:3:      grunt_gozag_breadcrumbs
D:4:      minmay_temple_entry_grid, serial_shops, shop_coins,
          nicolae_shop_trees, shop_statue

Action                   |  1- 3 |  4- 6 || total
-------------------------+-------+-------++-------
Melee: War axe           |   106 |   142 ||   248
  Use: Scroll            |       |     5 ||     5
 Stab: Sleeping          |     1 |     2 ||     3
  Eat: Chunk             |     1 |     4 ||     5
